Map: Terrasses de Prion

Players

zidar

  • Race: Zerg Zerg
  • League: Silver
  • Spawn Location: 5:00

Lux - Winner!

  • Race: Zerg Zerg
  • League: Silver
  • Spawn Location: 11:00

VOD

Have the link to the VOD?

Description

Time

  • Played on: Jan. 12, 2016, 2:04 p.m.
  • Length: 5:38
Show
View Real Time Build Order
Export as new Build Order

zidar Zerg 

Build Orders: Pool First 

Get SALT Encoding   

  12  0:02  Drone  
  13  0:14  Overlord  
  13  0:17  Drone  
  14  0:32  Drone x2  
  16  0:35  Drone  
  17  0:46  Spawning Pool  
  16  0:50  Drone  
  17  1:14  Hatchery  
  17  1:29  Extractor  
  16  1:33  Queen  
  17  1:40  Spine Crawler  
  17  1:43  Zergling x4  
  17  1:44  Zergling x2  
  19  1:56  Overlord  
  19  2:08  Zergling x2  
  20  2:14  Queen  
  22  2:26  Baneling Nest  
  22  2:35  Baneling Nest  
  21  2:43  Zergling x6  
  24  2:59  Roach Warren  
  23  3:05  Metabolic Boost  
  22  3:15  Overlord x2  
  22  3:34  Zergling x4  
  17  4:07  Roach x3  
  23  4:19  Roach  
  25  4:47  Hatchery  
  23  4:57  Roach  
Show
View Real Time Build Order
Export as new Build Order

Lux Zerg - Winner!

Build Orders: Pool First 

Get SALT Encoding   

  12  0:04  Drone  
  13  0:14  Drone  
  14  0:27  Spawning Pool  
  13  0:30  Drone  
  14  0:57  Hatchery  
  14  1:00  Drone  
  14  1:05  Overlord  
  14  1:23  Queen  
  16  1:33  Drone x2  
  16  1:34  Drone  
  19  1:48  Zergling x2  
  20  1:58  Drone  
  21  2:09  Drone  
  21  2:11  Extractor  
  21  2:16  Queen  
  23  2:24  Drone x2  
  25  2:32  Drone x2  
  25  2:35  Drone  
  28  2:39  Overlord x2  
  28  3:10  Zergling x6  
  28  3:11  Zergling x12  
  37  3:27  Zergling x10  
  40  3:41  Zergling x4  
  39  3:52  Extractor  
  39  3:55  Extractor  
  37  3:56  Drone x5  
  37  3:57  Drone  
  37  3:58  Metabolic Boost  
  37  4:00  Overlord x3  
  43  4:05  Extractor  
  42  4:19  Drone  
  43  4:35  Drone x3  
  46  4:38  Zergling x2  
  46  4:39  Zergling x6  
Tags
 
Add a new tag
Caveats
  • Supply blocks, unpowered buildings, or Contaminate may cause inaccurate times.
  • Supply counts are checked every 10 seconds.